 Dungeon Crawl Stone Soup version 0.31.0-32-g396128a36d (webtiles) character file.

Game seed: 4429108714224496334

3323 Fractals the Protected (level 10, 88/88 HPs)
             Began as a Ghoul Gladiator on Apr 14, 2024.
             Was an Initiate of Gozag.
             Quit the game on level 6 of the Dungeon on Apr 15, 2024.
             The game lasted 00:18:57 (8158 turns).

Fractals the Protected (Ghoul Gladiator)            Turns: 8158, Time: 00:18:58

Health: 88/88      AC: 13    Str: 19    XL:     10   Next: 2%
Magic:  10/10      EV: 11    Int:  7    God:    Gozag
Gold:   140        SH:  0    Dex: 14    Spells: 9/9 levels left

rFire   . . .        a - +2 short sword (drain)
rCold   + . .        (no shield)
rNeg    + + +        f - +0 scale mail
rPois   ∞            c - +0 helmet
rElec   .            g - +0 cloak
rCorr   .            (no gloves)
SInv    .            x - +1 pair of boots {rampage}
Will    .....        (no amulet)
Stlth   +            (no ring)
HPRegen 0.34/turn    (no ring)
MPRegen 0.12/turn

%: rampage
@: no status effects
A: claws 1, cold resistance 1, negative energy resistance 3, inhibited
regeneration, torment resistance 2, devour on kill
a: Renounce Religion, Potion Petition, Call Merchant, Bribe Branch


You were on level 6 of the Dungeon.
You worshipped Gozag.
Gozag was aware of your devotion.
You visited 2 branches of the dungeon, and saw 8 of its levels.

You collected 396 gold pieces.
You spent 225 gold pieces at shops.
You paid 31 gold pieces to Gozag.

Inventory:

Hand Weapons
 a - a +2 short sword of draining (weapon)
 o - a +3 whip
 q - a +3 falchion
Missiles
 t - 6 javelins (quivered)
Armour
 c - a +0 helmet (worn)
 f - a +0 scale mail (worn)
 g - a +0 cloak (worn)
 x - a +1 pair of boots of rampaging (worn)
Jewellery
 h - a ring of ice
Wands
 e - a wand of polymorph (10)
 r - a wand of mindburst (13)
 s - a wand of light (6)
Scrolls
 b - 2 scrolls of identify
 d - a scroll of enchant armour {unknown}
 i - a scroll of brand weapon
 j - 2 scrolls of teleportation
 k - a scroll of poison {unknown}
 p - a scroll of immolation {unknown}
 u - a scroll of revelation
Potions
 l - 3 potions of enlightenment
 m - a potion of cancellation {unknown}
 n - a potion of haste {unknown}
 v - a potion of mutation {unknown}
 w - 2 potions of curing


   Skills:
 + Level 8.1 Fighting
 + Level 5.2 Short Blades
 - Level 2.0 Throwing
 - Level 8.9 Armour
 - Level 4.0 Dodging
 - Level 3.0 Stealth


You had 9 spell levels left.
You didn't know any spells.
Your spell library contained the following spells:

 Spells                   Type           Power      Damage    Failure   Level
 Foxfire                  Conj/Fire      0%         2x1d4     75%         1
 Slow                     Hex            0%         N/A       75%         1
 Call Imp                 Summ           0%         N/A       87%         2
 Confusing Touch          Hex            0%         N/A       98%         3
 Sigil of Binding         Hex            0%         N/A       98%         3
 Vampiric Draining        Necr           0%         2d6       98%         3
 Animate Armour           Summ/Erth      0%         N/A       100%        4
 Summon Lightning Spire   Summ/Air       0%         N/A       100%        4
 Lee's Rapid Deconstruct  Erth           0%         3d4*      100%        5
 Sculpt Simulacrum        Ice/Alch       0%         N/A       100%        6
 Ozocubu's Refrigeration  Ice            0%         4d7       100%        7
 Summon Hydra             Summ           0%         N/A       100%        7
 Polar Vortex             Ice            0%         N/A       100%        9
 Sublimation of Blood     Necr           Unusable   N/A       N/A         2

Dungeon Overview and Level Annotations

Branches:
Dungeon (7/15)             Temple (1/1) D:5

Altars:
Ashenzari
Cheibriados
Dithmenos
Fedhas
Gozag
Hepliaklqana
Kikubaaqudgha
Makhleb
Nemelex Xobeh
Okawaru
Ru
Sif Muna
Trog
Vehumet
Wu Jian
Xom
Yredelemnul

Shops:
D:5 [


Innate Abilities, Weirdness & Mutations

You are immune to poison.
You have sharp fingernails.
Your flesh is cold resistant. (rC+)
You are immune to negative energy. (rN+++)
You do not regenerate when monsters are visible.
You are immune to unholy pain and torment.
You thrive by killing the living.


Message History

You hit the sky beast.
The sky beast is heavily wounded.
You hit the sky beast.
The sky beast is heavily wounded.
The sky beast hits you but does no damage.
You barely miss the sky beast.
The sky beast is heavily wounded.
The sky beast closely misses you.
You barely miss the sky beast.
The sky beast is heavily wounded.
The sky beast hits you but does no damage.
You hit the sky beast.
The sky beast is severely wounded.
The sky beast misses you.
You closely miss the sky beast.
The sky beast is severely wounded.
You hit the sky beast. You claw the sky beast.
The sky beast is almost dead.
The sky beast flickers out of sight!
Deactivating autopickup; reactivate with Ctrl-A.
Something hits you but does no damage.
You miss something. Something hits you but does no damage.
You hit something but do no damage.
A sky beast appears from thin air!
Reactivating autopickup.
The sky beast hits you but does no damage.
You hit the sky beast.
You kill the sky beast!
You have reached level 10!
You feel stronger.
You enter the shallow water.
Moving in this stuff is going to be slow.
You now have 133 gold pieces (gained 19).
You now have 140 gold pieces (gained 7).
You start resting.
HP restored.
Saving game... please wait.
Welcome back, Fractals the Ghoul Gladiator.
Gozag says: Greed is good.
Press ? for a list of commands and other information.
Are you sure you want to abandon this character and quit the game? (Confirm with "yes".)

.....# #.## ....##
#..# ....# ##.# ....#
#### #.## ....#
#..### #..### ...##
##.^..## ##....###
...#
#......####..#....##
...#
##.......##>.#####..#
..## #........#.@##
#### ..#
#..........## ..#
##[.........# .##
#>)........## .#
#[)........# ##
##..........# #
#..........## #
#..........#
#..#.#....##


There were no monsters in sight!

Vanquished Creatures
  Pikel (D:4)
  Grinder (D:4)
  Menkaure (D:4)
  A water moccasin (D:5)
  Duvessa (D:6)
  An orc warrior (D:6)
  2 sky beasts
  A black bear (D:6)
  A centaur (D:6)
  3 ogres
  A phantom (D:4)
  Blork the orc (D:5)
  4 wights
  Dowan (D:6)
  6 howler monkeys
  A bombardier beetle (D:4)
  3 hounds
  A jelly (D:6)
  3 orc priests
  A gnoll bouda (D:6)
  4 iguanas
  Ijyb (D:4)
  3 sleepcaps
  Natasha (thrice) (D:4)
  2 orc wizards
  10 gnolls
  13 adders
  2 river rats (D:3)
  3 white imps
  2 ufetubi (D:6)
  5 dart slugs
  A ribbon worm (D:3)
  20 orcs
  6 ball pythons
  8 endoplasms
  5 giant cockroaches
  5 goblins
  3 hobgoblins
  7 jackals
  4 quokkas
  3 bats
  2 frilled lizards (D:1)
  6 kobolds
  3 rats
156 creatures vanquished.

Vanquished Creatures (others)
  A goblin (D:3)
1 creature vanquished.

Grand Total: 157 creatures vanquished

Notes
Turn   | Place    | Note
-------+----------+-------------------------------------------
     0 | D:1      | Fractals the Ghoul Gladiator began the quest for the Orb.
     0 | D:1      | Reached XP level 1. HP: 17/17 MP: 1/1
   242 | D:1      | Reached skill level 1 in Stealth
   242 | D:1      | Reached XP level 2. HP: 22/25 MP: 2/2
   367 | D:1      | Found a faded altar of an unknown god.
   931 | D:2      | Reached XP level 3. HP: 31/31 MP: 3/3
  1149 | D:2      | Reached XP level 4. HP: 38/38 MP: 4/4
  1565 | D:3      | Found the +6 shillelagh "Devastator" {shatter}
  1587 | D:3      | Found an iron altar of Okawaru.
  1655 | D:3      | Found a bloodstained altar of Trog.
  1731 | D:3      | Found a shimmering blue altar of Sif Muna.
  1735 | D:3      | Got Sif Muna's Verses on Kindling
  1833 | D:3      | Reached XP level 5. HP: 3/46 MP: 5/5
  1833 | D:3      | HP: 1/46 [orc priest/+0 dagger (2)]
  2395 | D:3      | Reached XP level 6. HP: 52/55 MP: 6/6
  2561 | D:3      | Reached skill level 5 in Fighting
  2712 | D:4      | Found a hazy altar of Hepliaklqana.
  2730 | D:4      | Reached XP level 7. HP: 46/62 MP: 7/7
  3004 | D:4      | Reached skill level 5 in Short Blades
  3027 | D:4      | Noticed Natasha
  3032 | D:4      | Killed Natasha
  3039 | D:4      | Noticed Menkaure
  3051 | D:4      | Killed Menkaure
  3052 | D:4      | Reached skill level 1 in Armour
  3263 | D:4      | Noticed Grinder
  3263 | D:4      | Noticed Natasha
  3306 | D:4      | Paralysed by Grinder for 5 turns
  3312 | D:4      | Killed Grinder
  3313 | D:4      | Reached XP level 8. HP: 63/73 MP: 8/8
  3418 | D:4      | Killed Natasha
  3721 | D:4      | Noticed Natasha
  3733 | D:4      | Killed Natasha
  3792 | D:5      | Entered Level 5 of the Dungeon
  3976 | D:5      | Found a shimmering altar of Xom.
  4088 | D:5      | Noticed Prince Ribbit
  4110 | D:5      | Noticed Ijyb
  4110 | D:5      | Noticed Blork the orc
  4111 | D:5      | Found Weojoc's Antique Armour Shoppe.
  4380 | D:5      | Noticed Pikel
  4398 | D:4      | Killed Pikel
  4399 | D:4      | Reached skill level 5 in Armour
  4399 | D:4      | Reached XP level 9. HP: 65/81 MP: 9/9
  4450 | D:4      | Identified a scroll of acquirement
  4450 | D:4      | Acquired a +2 short sword of draining
  4474 | D:4      | Killed Ijyb
  4505 | D:5      | Killed Blork the orc
  4648 | D:5      | Found a sparkling altar of Nemelex Xobeh.
  4751 | D:5      | Found a snail-covered altar of Cheibriados.
  4940 | D:5      | Prince Ribbit changed into Prince Ribbit the sky beast
  4940 | D:5      | Noticed Prince Ribbit
  4945 | D:5      | Killed Prince Ribbit the sky beast
  5218 | D:5      | Found a staircase to the Ecumenical Temple.
  5288 | Temple   | Entered the Ecumenical Temple
  5302 | Temple   | Became a worshipper of Gozag Ym Sagoz the Greedy
  5945 | D:6      | Found an ancient bone altar of Kikubaaqudgha.
  5954 | D:6      | Noticed Duvessa
  5963 | D:6      | Noticed Dowan
  6458 | D:6      | Killed Duvessa
  6464 | D:6      | Killed Dowan
  6939 | D:5      | Bought a pair of runed boots for 225 gold pieces
  7099 | D:7      | Found a shadowy altar of Dithmenos.
  8055 | D:6      | Reached XP level 10. HP: 52/88 MP: 10/10
  8158 | D:6      | Quit the game

Illustrated notes

Levels and vault maps discovered:
D:1:      lemuel_arrival_room, layout_loops_ring,
          shapermc_ecumenical_altar_flowoftime
D:2:      layout_loops_cross, kennysheep_generic_room_5
D:3:      layout_loops_ring, nzn_overflow_gifts_of_might_and_magic,
          elyvilon_altar_4, mainiacjoe_overflow_alcove_1, gup_sewer_entry_spiral
D:4:      layout_rooms, nicolae_hepliaklqana_hazy_memory, uniq_natasha,
          uniq_grinder, uniq_menkaure
D:5:      layout_cave_pods, mainiacjoe_overflow_catwalk_spiral,
          mainiacjoe_overflow_cross_hatched, temple_hall, serial_shops, shop,
          uniq_ijyb, uniq_pikel, uniq_blork_the_orc, uniq_prince_ribbit1
D:6:      layout_cave_pods, mainiacjoe_overflow_small_starburst, serial_glass,
          glass_columns_a, glass_columns_c, uniq_duvessa
D:7:      layout_basic, mainiacjoe_overflow_alcove_2, mainiacjoe_overflow_paths,
          grunt_dithmenos_smoke_and_mirrors, dreamdust_mushroom_princess,
          minmay_misc_feat_plants, nicolae_tricolors
Temple:   chequers_temple_sunken

Skill      XL: |  1  2  3  4  5  6  7  8  9 |
---------------+----------------------------+-----
Throwing       | 2 |  2.0
Stealth        | 1 2 3 |  3.0
Fighting       | 3 4 5 7 8 |  8.1
Short Blades   | 3 4 5 |  5.2
Armour         | 2 5 8 |  8.9
Dodging        | 4 |  4.0

Action                     |  1- 3 |  4- 6 |  7- 9 | 10-12 || total
---------------------------+-------+-------+-------+-------++-------
  Melee: Rapier            |   103 |   222 |   136 |       ||   461
         Punch             |       |     1 |     7 |       ||     8
         Short sword       |       |       |   331 |       ||   331
         Falchion          |       |       |    37 |       ||    37
  Throw: Javelin           |     2 |     1 |     1 |       ||     4
         Throwing net      |       |     3 |     2 |       ||     5
         Dart              |       |       |     6 |       ||     6
  Evoke: Wand              |       |       |     2 |       ||     2
    Use: Scroll            |     1 |     3 |     6 |       ||    10
         Potion            |       |     1 |     3 |       ||     4
   Stab: Sleeping          |     1 |     5 |     1 |       ||     7
         Distracted        |       |       |     1 |       ||     1
 Armour: Leather armour    |    32 |       |       |       ||    32
         Ring mail         |    19 |   191 |   142 |       ||   352
         Scale mail        |       |       |   302 |       ||   302
  Dodge: Dodged            |    58 |   164 |   350 |       ||   572
